 Dungeon Crawl Stone Soup version 0.31.0-11-ge490571c62 (webtiles) character file.

Game seed: 16560163783157386110

228 Marvel the Chopper (level 6, -1/53 HPs)
             Began as a Hill Orc Fighter on Feb 9, 2024.
             Killed from afar by an orc wizard (4 damage)
             ... with a magic dart
             ... on level 4 of the Dungeon.
             The game lasted 00:03:59 (2560 turns).

Marvel the Chopper (Hill Orc Fighter)               Turns: 2560, Time: 00:03:59

Health: -1/53      AC:  5    Str: 21    XL:     6   Next: 2%
Magic:  6/6        EV: 10    Int: 14    God:
Gold:   227        SH:  0    Dex: 10    Spells: 5/5 levels left

rFire   . . .        a - +0 war axe
rCold   . . .        c - +0 buckler
rNeg    . . .        i - +0 ring mail {rPois}
rPois   +            (no helmet)
rElec   .            (no cloak)
rCorr   .            (no gloves)
SInv    .            (no boots)
Will    .....        (no amulet) Stlth
                     l - +6 ring of intelligence
HPRegen 0.28/turn    (no ring)
MPRegen 0.10/turn

%: no passive effects
@: confused, very slow
A: no striking features
a: no special abilities


You were on level 4 of the Dungeon.
You visited 1 branch of the dungeon, and saw 4 of its levels.

You collected 227 gold pieces.

Inventory:

Hand Weapons
 a - a +0 war axe (weapon)
Missiles
 j - 5 poisoned darts (quivered)
Armour
 b - a +0 scale mail
 c - a +0 buckler (worn)
 i - a +0 ring mail of poison resistance (worn)
Jewellery
 l - a +6 ring of intelligence (left hand)
Wands
 m - a wand of quicksilver (13)
Scrolls
 e - 3 scrolls of teleportation {unknown}
 g - 2 scrolls of identify {unknown}
 h - a scroll of enchant weapon {unknown}
 k - 2 scrolls of enchant armour {unknown}
 n - a scroll of fear {unknown}
 o - a scroll of poison {unknown}
Potions
 d - a potion of might
 f - 4 potions of curing {unknown}
 p - a potion of enlightenment {unknown}


   Skills:
 + Level 4.4 Fighting
 + Level 5.2 Axes
 + Level 0.3 Throwing
 + Level 4.3 Armour
 + Level 1.5 Dodging
 + Level 0.6 Stealth
 + Level 3.7 Shields


You had 5 spell levels left.
You didn't know any spells.
Your spell library contained the following spells:

 Spells                   Type           Power      Damage    Failure   Level
 Apportation              Tloc           0%         N/A       50%         1
 Necrotise                Necr           0%         1d4       50%         1
 Sting                    Conj/Alch      0%         1d3       50%         1
 Summon Small Mammal      Summ           0%         N/A       50%         1
 Cigotuvi's Dreadful Rot  Necr/Alch/Air  0%         N/A       65%         2
 Ensorcelled Hibernation  Hex/Ice        0%         N/A       65%         2
 Jinxbite                 Hex            0%         N/A       65%         2
 Call Canine Familiar     Summ           0%         N/A       86%         3
 Sigil of Binding         Hex            0%         N/A       86%         3
 Animate Dead             Necr           0%         N/A       99%         4
 Dimensional Bullseye     Hex/Tloc       0%         N/A       99%         4
 Borgnjor's Vile Clutch   Necr/Erth      0%         N/A       100%        5
 Yara's Violent Unravell  Hex/Alch       0%         3d3       100%        5
 Death Channel            Necr           0%         N/A       100%        6
 Enfeeble                 Hex            0%         N/A       100%        7


Dungeon Overview and Level Annotations

Branches:
Dungeon (4/15)
 Temple: D:4-7

Altars:
Zin

Shops:
D:1 (

Portals:
Abyss: D:3

Annotations:
D:3 2 transporters, Bnni's ghost, amateur FoFi
D:4 Menkaure


Message History

You enter the shallow water.
Moving in this stuff is going to be slow.
You hear some strange, mumbled words.
A magic dart appears from out of thin air!
The magic dart hits you! The orc hits you with a +0 club.
Something hits you but does no damage.
Your unstable footing causes you to fumble your attack.
Something hits you but does no damage. The orc hits you but does no damage.
Something hits you.
You hit the orc.
The orc is almost dead.
You completely miss something. You hit something.
You hear some strange, mumbled words.
A magic dart appears from out of thin air!
The magic dart hits you. The orc hits you with a +0 club. Something hits you.
* * * LOW HITPOINT WARNING * * *
Something hits you.
* * * LOW HITPOINT WARNING * * *
Something hits you but does no damage.
A quokka comes into view.
Something hits you.
* * * LOW HITPOINT WARNING * * *
Something hits you but does no damage.
You hear some strange, mumbled words.
A magic dart appears from out of thin air!
The magic dart hits you.
* * * LOW HITPOINT WARNING * * *
The orc hits you with a +0 club.
* * * LOW HITPOINT WARNING * * *
You miss something. You barely miss something. You slash the orc!
You kill the orc!
You hear a splashing noise.
Something hits you.
* * * LOW HITPOINT WARNING * * *
You barely miss something. You miss something. Something hits you.
* * * LOW HITPOINT WARNING * * *
You hear some strange, mumbled words.
A magic dart appears from out of thin air!
The magic dart hits you.
You die...

# . ...## .
.......### .#
....<..<###.#
..#.#.###...
...####'#### #
#. #~@~.~~~#
#.#.##{{r..~~#
#....#~.†.!.~#..
#.)..)....'..
###.#~.....~#..
#...#~~...~~#
#...#~~~.~~~#
#...####'####
#.....# ..>


You could see a quokka.

Vanquished Creatures
  A scorpion (D:4)
  An orc priest (D:4)
  3 adders
  2 ufetubi (D:3)
  3 ribbon worms
  A dart slug (D:1)
  14 orcs
  6 bats
  3 endoplasms
  4 giant cockroaches
  7 goblins
  11 hobgoblins
  A quokka (D:1)
  4 ball pythons
  4 frilled lizards
  4 kobolds
  5 rats (D:1)
74 creatures vanquished.

Notes
Turn   | Place    | Note
-------+----------+-------------------------------------------
     0 | D:1      | Marvel the Hill Orc Fighter began the quest for the Orb.
     0 | D:1      | Reached XP level 1. HP: 19/19 MP: 1/1
   152 | D:1      | Reached XP level 2. HP: 27/27 MP: 2/2
   163 | D:1      | Found Waanicie's Antique Weapon Shop.
   243 | D:1      | Reached skill level 3 in Axes
   551 | D:1      | Reached XP level 3. HP: 30/30 MP: 3/3
   969 | D:2      | Got the Volume of Entranced Despair
  1066 | D:2      | Found a glowing silver altar of Zin.
  1506 | D:3      | Reached skill level 4 in Axes
  1506 | D:3      | Reached XP level 4. HP: 40/40 MP: 4/4
  1738 | D:3      | Noticed a small abomination
  2010 | D:3      | Found a transporter.
  2016 | D:3      | Found a one-way gate to the infinite horrors of the Abyss.
  2017 | D:3      | Noticed Bnni's ghost (amateur FoFi)
  2046 | D:3      | Found a transporter.
  2318 | D:4      | Noticed Menkaure
  2373 | D:4      | Reached XP level 5. HP: 40/46 MP: 5/5
  2437 | D:4      | Reached skill level 5 in Axes
  2469 | D:4      | Reached skill level 1 in Dodging
  2544 | D:4      | Reached XP level 6. HP: 39/53 MP: 6/6
  2560 | D:4      | Killed from afar by an orc wizard

Illustrated notes

Levels and vault maps discovered:
D:1:      dpeg_arrival_pits, layout_basic, serial_shops, nicolae_diamond_shop
D:2:      layout_basic, basic_altar, minmay_tetromino_i2
D:3:      layout_loops_ring, gammafunk_ghost_abyssal_escape
D:4:      layout_basic, kennysheep_generic_room_8, uniq_eustachio,
          uniq_menkaure, uniq_edmund

Skill      XL: |  1  2  3  4  5 |
---------------+----------------+-----
Axes           | 3 4 5 |  5.2
Fighting       | 4 |  4.4
Armour         | 4 |  4.3
Dodging        | 1 |  1.5
Throwing       | |  0.3
Stealth        | |  0.6
Shields        | |  3.7

Action                     |  1- 3 |  4- 6 || total
---------------------------+-------+-------++-------
  Melee: War axe           |    98 |   129 ||   227
  Throw: Dart              |       |     6 ||     6
 Armour: Scale mail        |    37 |       ||    37
         Ring mail         |    26 |   110 ||   136
  Dodge: Dodged            |    48 |    84 ||   132
  Block: Buckler           |    21 |    22 ||    43
